| TOP OF THE 1ST |
|
Birmingham Barons batting - Pitching for Columbus Skeeters : LHP Scott Gleckel
|
|
Pitching: LHP Scott Gleckel
|
|
|
Batting: RHB Robin Townley
|
0-0: Called Strike 0-1: Ball 1-1: Called Strike 1-2: Ball 2-2: Ball 3-2: Reached on error, E5 (Popup, 6S, EV 78.1 MPH)
|
|
Batting: RHB Jordan Arredondo
|
0-0: Called Strike 0-1: Called Strike 0-2: Fly out, F7 (Flyball, 7LS, EV 79.4 MPH)
|
|
Batting: RHB Tim Hulett
|
0-0: Ball 1-0: Called Strike 1-1: Foul Ball, location: 2F 1-2: Ball 2-2: Foul Ball, location: 2F 2-2: Strikes out swinging
|
|
Batting: RHB Bob Bathe
|
0-0: Foul Ball, location: 2F 0-1: Fly out, F8 (Line Drive, 8LM, EV 94.4 MPH)
|
| Top of the 1st over - 0 runs, 0 hits, 1 error, 1 left on base; Birmingham 0 - Columbus 0 |
| BOTTOM OF THE 1ST |
|
Columbus Skeeters batting - Pitching for Birmingham Barons : RHP Ricky Avelar
|
|
Pitching: RHP Ricky Avelar
|
|
|
Batting: RHB Randolph Ebersberger
|
0-0: Ball 1-0: Ball 2-0: Foul Ball, location: 2F 2-1: Swinging Strike 2-2: Ball 3-2: Foul Ball, location: 2F 3-2: Ground out 5-3 (Groundball, 56, EV 101.9 MPH)
|
|
Batting: RHB Heri Ramirez
|
0-0: Called Strike 0-1: SOLO HOME RUN (Flyball, 9D, EV 107.5 MPH), Distance : 355 ft
|
|
Batting: RHB Venoy Garrison
|
0-0: Ball 1-0: Called Strike 1-1: Ground out 6-3 (Groundball, 6M, EV 88.8 MPH)
|
|
Batting: LHB Sam Horn
|
0-0: Ball 1-0: SINGLE (Groundball, 4D, EV 106.9 MPH)
|
|
Batting: RHB Joe Redfield
|
0-0: Ball 1-0: Ball 2-0: Foul Ball, location: 2F 2-1: Ball 3-1: Swinging Strike 3-2: Foul Ball, location: 2F 3-2: Foul Ball, location: 2F 3-2: Strikes out swinging
|
| Bottom of the 1st over - 1 run, 2 hits, 0 errors, 1 left on base; Birmingham 0 - Columbus 1 |
| TOP OF THE 2ND |
|
Birmingham Barons batting - Pitching for Columbus Skeeters : LHP Scott Gleckel
|
|
Batting: LHB Vernon Ramie
|
0-0: Ground out 1-3 (Groundball, 13S, EV 71.3 MPH)
|
|
Batting: RHB Thomas Echstenkamper
|
0-0: SINGLE (Line Drive, 7S, EV 109.4 MPH)
|
|
Batting: LHB Joe Szekely
|
0-0: Foul Ball, location: 2F 0-1: Fielders Choice at 2nd, 4-6 (Groundball, 34D, EV 103.8 MPH)
|
|
Batting: RHB Anthony Veith
|
0-0: Foul Ball, location: 2F 0-1: Ball 1-1: Foul Ball, location: 2F 1-2: Ball 2-2: Strikes out looking
|
| Top of the 2nd over - 0 runs, 1 hit, 0 errors, 1 left on base; Birmingham 0 - Columbus 1 |
| BOTTOM OF THE 2ND |
|
Columbus Skeeters batting - Pitching for Birmingham Barons : RHP Ricky Avelar
|
|
Batting: LHB John Weller
|
0-0: Swinging Strike 0-1: Swinging Strike 0-2: Ball 1-2: Foul Ball, location: 2F 1-2: Strikes out swinging
|
|
Batting: LHB Jay Erdahl
|
0-0: Ball 1-0: Called Strike 1-1: Fly out, F8 (Flyball, 8RXD, EV 96.3 MPH)
|
|
Batting: RHB George Dierberger
|
0-0: Swinging Strike 0-1: Called Strike 0-2: Ball 1-2: Ball 2-2: Ball 3-2: Fly out, F9 (Flyball, 9LD, EV 101.9 MPH)
|
| Bottom of the 2nd over - 0 runs, 0 hits, 0 errors, 0 left on base; Birmingham 0 - Columbus 1 |
| TOP OF THE 3RD |
|
Birmingham Barons batting - Pitching for Columbus Skeeters : LHP Scott Gleckel
|
|
Batting: SHB Giampietro Pasquetto
|
0-0: Called Strike 0-1: Foul Ball, location: 2F 0-2: Strikes out swinging
|
|
Batting: RHB Robin Townley
|
0-0: Called Strike 0-1: SINGLE (Groundball, 4MS, EV 68.1 MPH) (infield hit)
|
|
Batting: RHB Jordan Arredondo
|
0-0: Ball 1-0: Ball 2-0: SINGLE (Flyball, 8RS, EV 96.3 MPH) Robin Townley to second
|
|
Batting: RHB Tim Hulett
|
0-0: Called Strike Robin Townley is caught stealing 3rd base 2-5 0-1: SINGLE (Groundball, 4MD, EV 105.0 MPH) Jordan Arredondo to second
|
|
Batting: RHB Bob Bathe
|
0-0: Called Strike 0-1: Ball 1-1: Ball 2-1: Ball 3-1: Base on Balls Jordan Arredondo to third Tim Hulett to second
|
|
Batting: LHB Vernon Ramie
|
0-0: Foul Ball, location: 2F 0-1: Foul Ball, location: 2F 0-2: Ball 1-2: Foul Ball, location: 2F 1-2: Foul Ball, location: 2F 1-2: Ball 2-2: Ball 3-2: Foul Ball, location: 2F 3-2: Base on Balls Jordan Arredondo scores Tim Hulett to third Bob Bathe to second
|
|
Batting: RHB Thomas Echstenkamper
|
0-0: Ball 1-0: Ball 2-0: Ground out 4-3 (Groundball, 4, EV 101.3 MPH)
|
| Top of the 3rd over - 1 run, 3 hits, 0 errors, 3 left on base; Birmingham 1 - Columbus 1 |
| BOTTOM OF THE 3RD |
|
Columbus Skeeters batting - Pitching for Birmingham Barons : RHP Ricky Avelar
|
|
Batting: SHB Mike Howard
|
0-0: Called Strike 0-1: Ball 1-1: Bunt for hit to 23 - play at first, batter OUT! 3-4
|
|
Batting: RHB Randolph Ebersberger
|
0-0: Ball 1-0: DOUBLE (Groundball, 3L, EV 103.8 MPH)
|
|
Batting: RHB Heri Ramirez
|
0-0: Ball 1-0: Ball 2-0: Ball 3-0: Base on Balls
|
|
Batting: RHB Venoy Garrison
|
0-0: Ball 1-0: Grounds into double play, 4-6-3 (Groundball, 4, EV 87.5 MPH)
|
| Bottom of the 3rd over - 0 runs, 1 hit, 0 errors, 1 left on base; Birmingham 1 - Columbus 1 |
| TOP OF THE 4TH |
|
Birmingham Barons batting - Pitching for Columbus Skeeters : LHP Scott Gleckel
|
|
Batting: LHB Joe Szekely
|
0-0: Called Strike 0-1: Ball 1-1: Ball 2-1: Ground out 6-3 (Groundball, 6, EV 101.3 MPH)
|
|
Batting: RHB Anthony Veith
|
0-0: Swinging Strike 0-1: Foul Ball, location: 2F 0-2: Ball 1-2: Ball 2-2: Foul Ball, location: 2F 2-2: Foul Ball, location: 2F 2-2: Foul Ball, location: 2F 2-2: Ground out 6-3 (Groundball, 56, EV 86.3 MPH)
|
|
Batting: SHB Giampietro Pasquetto
|
0-0: Fly out, F3 (Popup, 3SF, EV 79.4 MPH)
|
| Top of the 4th over - 0 runs, 0 hits, 0 errors, 0 left on base; Birmingham 1 - Columbus 1 |
| BOTTOM OF THE 4TH |
|
Columbus Skeeters batting - Pitching for Birmingham Barons : RHP Ricky Avelar
|
|
Batting: LHB Sam Horn
|
0-0: Ball 1-0: Called Strike 1-1: Swinging Strike 1-2: Foul Ball, location: 2F 1-2: Ball 2-2: SOLO HOME RUN (Line Drive, 8RXD, EV 105.6 MPH), Distance : 453 ft
|
|
Batting: RHB Joe Redfield
|
0-0: Foul Ball, location: 2F 0-1: Foul Ball, location: 2F 0-2: Ball 1-2: Fly out, F7 (Line Drive, 7D, EV 93.8 MPH)
|
|
Batting: LHB John Weller
|
0-0: Ball 1-0: Ball 2-0: Called Strike 2-1: Ball 3-1: Foul Ball, location: 2F 3-2: Base on Balls
|
|
Batting: LHB Jay Erdahl
|
0-0: Ball 1-0: Ball 2-0: Called Strike 2-1: Foul Ball, location: 2F 2-2: Foul Ball, location: 2F 2-2: Ball 3-2: Base on Balls John Weller to second
|
|
Batting: RHB George Dierberger
|
0-0: Ball 1-0: Called Strike 1-1: Foul Ball, location: 2F 1-2: Foul Ball, location: 2F 1-2: Foul Ball, location: 2F 1-2: Ball 2-2: Fly out, F7 (Flyball, 78M, EV 96.9 MPH)
|
|
Batting: SHB Mike Howard
|
0-0: Fielders Choice at 2nd, 5-4 (Groundball, 5L, EV 105.0 MPH)
|
| Bottom of the 4th over - 1 run, 1 hit, 0 errors, 2 left on base; Birmingham 1 - Columbus 2 |
| TOP OF THE 5TH |
|
Birmingham Barons batting - Pitching for Columbus Skeeters : LHP Scott Gleckel
|
|
Batting: RHB Robin Townley
|
0-0: Foul Ball, location: 2F 0-1: Called Strike 0-2: Ball 1-2: Ball 2-2: Ball 3-2: Foul Ball, location: 2F 3-2: Fly out, F9 (Line Drive, 9, EV 90.0 MPH)
|
|
Batting: RHB Jordan Arredondo
|
0-0: Foul Ball, location: 2F 0-1: Ground out 4-3 (Groundball, 4, EV 87.5 MPH)
|
|
Batting: RHB Tim Hulett
|
0-0: Ball 1-0: Ball 2-0: Ball 3-0: Called Strike 3-1: SINGLE (Groundball, 56D, EV 107.5 MPH)
|
|
Batting: RHB Bob Bathe
|
0-0: Ball 1-0: Fly out, F6 (Popup, 6D, EV 73.1 MPH)
|
| Top of the 5th over - 0 runs, 1 hit, 0 errors, 1 left on base; Birmingham 1 - Columbus 2 |
| BOTTOM OF THE 5TH |
|
Columbus Skeeters batting - Pitching for Birmingham Barons : RHP Ricky Avelar
|
|
Batting: RHB Randolph Ebersberger
|
0-0: Ball 1-0: Foul Ball, location: 2F 1-1: Ball 2-1: Called Strike 2-2: Ground out 5-3 (Groundball, 56S, EV 86.3 MPH)
|
|
Batting: RHB Heri Ramirez
|
0-0: Ball 1-0: Ball 2-0: Ground out 4-3 (Groundball, 4, EV 85.6 MPH)
|
|
Batting: RHB Venoy Garrison
|
0-0: Called Strike 0-1: Ball 1-1: Ball 2-1: Ball 3-1: Foul Ball, location: 2F 3-2: Foul Ball, location: 2F 3-2: Foul Ball, location: 2F 3-2: TRIPLE (Flyball, 78XD, EV 103.8 MPH)
|
|
Batting: LHB Sam Horn
|
0-0: 2-RUN HOME RUN (Flyball, 9LD, EV 107.5 MPH), Distance : 367 ft
|
|
Batting: RHB Joe Redfield
|
0-0: Called Strike 0-1: Ball 1-1: Ball 2-1: Ball 3-1: Called Strike 3-2: Ground out 6-3 (Groundball, 6, EV 88.1 MPH)
|
| Bottom of the 5th over - 2 runs, 2 hits, 0 errors, 0 left on base; Birmingham 1 - Columbus 4 |
| TOP OF THE 6TH |
|
Birmingham Barons batting - Pitching for Columbus Skeeters : LHP Scott Gleckel
|
|
Batting: LHB Vernon Ramie
|
0-0: Called Strike 0-1: Ball 1-1: Ball 2-1: Fly out, F8 (Flyball, 78S, EV 83.8 MPH)
|
|
Batting: RHB Thomas Echstenkamper
|
0-0: Called Strike 0-1: Ball 1-1: Ball 2-1: Foul Ball, location: 2F 2-2: Strikes out swinging
|
|
Batting: LHB Joe Szekely
|
0-0: Swinging Strike 0-1: Foul Ball, location: 2F 0-2: Foul Ball, location: 2F 0-2: Ball 1-2: SINGLE (Groundball, 34D, EV 110.0 MPH)
|
|
Batting: RHB Anthony Veith
|
0-0: Ball 1-0: Called Strike 1-1: Ground out U3 (Groundball, 3, EV 78.8 MPH)
|
| Top of the 6th over - 0 runs, 1 hit, 0 errors, 1 left on base; Birmingham 1 - Columbus 4 |
| BOTTOM OF THE 6TH |
|
Columbus Skeeters batting - Pitching for Birmingham Barons : RHP Ricky Avelar
|
|
Batting: LHB John Weller
|
0-0: Foul Ball, location: 2F 0-1: Fly out, F8 (Flyball, 8LD, EV 83.8 MPH)
|
|
Batting: LHB Jay Erdahl
|
0-0: Ball 1-0: Called Strike 1-1: DOUBLE (Line Drive, 7LM, EV 104.4 MPH)
|
|
Batting: RHB George Dierberger
|
0-0: Fly out, F9 (Line Drive, 9D, EV 85.0 MPH)
|
|
Batting: SHB Mike Howard
|
0-0: Ground out U3 (Groundball, 34, EV 88.8 MPH)
|
| Bottom of the 6th over - 0 runs, 1 hit, 0 errors, 1 left on base; Birmingham 1 - Columbus 4 |
| TOP OF THE 7TH |
|
Birmingham Barons batting - Pitching for Columbus Skeeters : LHP Scott Gleckel
|
|
Batting: SHB Giampietro Pasquetto
|
0-0: Ball 1-0: Ground out 6-3 (Groundball, 6, EV 90.0 MPH)
|
|
Batting: RHB Robin Townley
|
0-0: Ball 1-0: Fly out, F9 (Flyball, 89S, EV 75.6 MPH)
|
|
Batting: RHB Jordan Arredondo
|
0-0: SINGLE (Flyball, 78S, EV 87.5 MPH)
|
|
Batting: RHB Tim Hulett
|
0-0: Ball 1-0: Called Strike 1-1: Ball 2-1: Fielders Choice at 2nd, 5-4 (Groundball, 56, EV 98.1 MPH)
|
| Top of the 7th over - 0 runs, 1 hit, 0 errors, 1 left on base; Birmingham 1 - Columbus 4 |
| BOTTOM OF THE 7TH |
|
Columbus Skeeters batting - Pitching for Birmingham Barons : RHP Ricky Avelar
|
|
Batting: RHB Randolph Ebersberger
|
0-0: Foul Ball, location: 2F 0-1: Ball 1-1: Ball 2-1: Foul Ball, location: 2F 2-2: Ball 3-2: Base on Balls
|
|
Batting: RHB Heri Ramirez
|
0-0: Bunt - Flyout to 13S! F1
|
|
Batting: RHB Venoy Garrison
|
0-0: SINGLE (Line Drive, 9LS, EV 105.0 MPH) Randolph Ebersberger to second
|
|
Batting: LHB Sam Horn
|
0-0: Called Strike 0-1: Swinging Strike 0-2: Foul Ball, location: 2F 0-2: Foul Ball, location: 2F 0-2: Ball 1-2: Ball 2-2: Ball 3-2: Strikes out swinging
|
|
Batting: RHB Joe Redfield
|
0-0: Ball 1-0: Ball 2-0: Foul Ball, location: 2F 2-1: Called Strike 2-2: TRIPLE (Flyball, 9LD, EV 106.9 MPH) Randolph Ebersberger scores Venoy Garrison scores
|
|
Pitching: RHP Jay Kibbe
|
|
|
Batting: LHB John Weller
|
0-0: Called Strike 0-1: Ball 1-1: Foul Ball, location: 2F 1-2: Ground out 4-3 (Groundball, 4, EV 84.4 MPH)
|
| Bottom of the 7th over - 2 runs, 2 hits, 0 errors, 1 left on base; Birmingham 1 - Columbus 6 |
| TOP OF THE 8TH |
|
Birmingham Barons batting - Pitching for Columbus Skeeters : LHP Scott Gleckel
|
|
Batting: RHB Bob Bathe
|
0-0: Ball 1-0: Ground out 6-3 (Groundball, 6, EV 85.0 MPH)
|
|
Batting: LHB Vernon Ramie
|
0-0: Ball 1-0: Ground out 4-3 (Groundball, 4, EV 86.9 MPH)
|
|
Batting: RHB Thomas Echstenkamper
|
0-0: Called Strike 0-1: Swinging Strike 0-2: Foul Ball, location: 2F 0-2: Ball 1-2: SINGLE (Groundball, 4MS, EV 84.4 MPH) (infield hit)
|
|
Batting: LHB Joe Szekely
|
0-0: Ball 1-0: Called Strike 1-1: Called Strike 1-2: Foul Ball, location: 2F 1-2: Ball 2-2: Ball 3-2: Ground out 4-3 (Groundball, 34, EV 88.1 MPH)
|
| Top of the 8th over - 0 runs, 1 hit, 0 errors, 1 left on base; Birmingham 1 - Columbus 6 |
| BOTTOM OF THE 8TH |
|
Columbus Skeeters batting - Pitching for Birmingham Barons : RHP Jay Kibbe
|
|
Batting: LHB Jay Erdahl
|
0-0: Ground out 4-3 (Groundball, 4, EV 81.9 MPH)
|
|
Batting: RHB George Dierberger
|
0-0: Foul Ball, location: 2F 0-1: Called Strike 0-2: Fly out, F8 (Flyball, 8LD, EV 84.4 MPH)
|
|
Batting: SHB Mike Howard
|
0-0: Called Strike 0-1: Fly out, F6 (Popup, 6MS, EV 65.0 MPH)
|
| Bottom of the 8th over - 0 runs, 0 hits, 0 errors, 0 left on base; Birmingham 1 - Columbus 6 |
| TOP OF THE 9TH |
|
Birmingham Barons batting - Pitching for Columbus Skeeters : LHP Scott Gleckel
|
|
Pitching: RHP Ed Wojna
|
|
|
Batting: RHB Anthony Veith
|
0-0: Swinging Strike 0-1: Called Strike 0-2: Ball 1-2: Ball 2-2: Ball 3-2: Strikes out looking
|
|
Batting: SHB Giampietro Pasquetto
|
0-0: Ball 1-0: Swinging Strike 1-1: Ball 2-1: Ground out 4-3 (Groundball, 4, EV 89.4 MPH)
|
|
Batting: RHB Robin Townley
|
0-0: Ball 1-0: SINGLE (Groundball, 56D, EV 101.9 MPH)
|
|
Batting: RHB Jordan Arredondo
|
0-0: Called Strike 0-1: Foul Ball, location: 2F 0-2: Ball 1-2: Foul Ball, location: 2F 1-2: Strikes out swinging
|
| Top of the 9th over - 0 runs, 1 hit, 0 errors, 1 left on base; Birmingham 1 - Columbus 6 |
|